cohdb
Replays
Latest Replays
All Replays
Popular Replays
Top Player Replays
Match Explorer
How It Works
Community
CoH3 Stats
Reddit
Sign in to upload your games and track your stats! →
Sign in with Steam
Match 46190793
Unlisted
Match 46190793
Overview
Messages
Build Orders
End
Kettenkrad Recon Vehicle
Construct Infanterie Kompanie
Grenadier Squad
Grenadier Squad
MG 42 Machine Gun Team
Construct Luftwaffe Kompanie
Jäger Squad
Jäger Squad
Selects Breakthrough Battlegroup
Selects Assault Grenadiers
Support Elements
Selects Breakthrough
Jäger Squad
Luftwaffe Officer Quarters
Medical Station
Selects Mechanized Assault Group
Pioneer Squad
DebaKLeTV
Gumshoe.Cambro
Otto Karius
aSIIDemolitionHammer
0
0
Comments
sign in to comment!
No comments posted yet!